 Dungeon Crawl Stone Soup version 0.25-a0-341-g6f074c887a (webtiles) character file.

Game seed: 16034501300759599665, levelgen mode: deterministic

53 sankara the Poker (level 3, -4/30 HPs)
             Began as a Hill Orc Skald on Dec 30, 2019.
             Killed from afar by an orc wizard (5 damage)
             ... with a puff of flame
             ... on level 2 of the Dungeon.
             The game lasted 00:05:52 (2201 turns).

sankara the Poker (Hill Orc Skald)                  Turns: 2201, Time: 00:05:53

Health: -4/30      AC:  4    Str: 18    XL:     3   Next: 89%
Magic:  0/5        EV: 11    Int: 19    God:
Gold:   60         SH:  0    Dex: 10    Spells: 2/5 levels left

rFire    . . .     SeeInvis .   a - +0 spear
rCold    . . .     Gourm    .   (no shield)
rNeg     . . .     Faith    .   b - +0 leather armour
rPois    .         Spirit   .   (no helmet)
rElec    .         Reflect  .   (no cloak)
rCorr    .         Harm     .   (no gloves)
MR       .....                  k - +0 pair of boots
Stlth    +.........             (no amulet)
HPRegen  0.10/turn              (no ring)
MPRegen  0.09/turn              (no ring)

@: mighty, brilliant, very slightly contaminated
A: no striking features
a: no special abilities


You were on level 2 of the Dungeon.
You were not hungry.

You visited 1 branch of the dungeon, and saw 2 of its levels.

You collected 60 gold pieces.

Inventory:

Hand Weapons
 a - a +0 spear (weapon)
 j - a +0 dagger
   (You took it off a goblin on level 1 of the Dungeon)
Missiles
 e - 41 stones (quivered)
 g - 12 poisoned darts
 n - 7 boomerangs
 p - 20 sling bullets
Armour
 b - a +0 leather armour (worn)
 k - a +0 pair of boots (worn)
   (You found it on level 2 of the Dungeon)
Scrolls
 c - a scroll of identify {unknown}
 f - a scroll of teleportation {unknown}
 h - a scroll of remove curse {unknown}
 i - a scroll of enchant armour {unknown}
 m - a scroll of blinking {unknown}
 r - a scroll of enchant weapon {unknown}
 s - a scroll of immolation {unknown}
Potions
 o - a potion of might
 q - a potion of ambrosia {unknown}
 t - a potion of cancellation {unknown}
Comestibles
 d - 4 rations
 u - a chunk of flesh {@w0}


   Skills:
 - Level 2.4 Fighting
 * Level 3.9 Polearms
 - Level 1.1 Armour
 - Level 1.5 Dodging
 - Level 1.5 Spellcasting
 + Level 3.2 Charms


You had 2 spell levels left.
You knew the following spells:

 Your Spells              Type           Power        Failure   Level  Hunger
a - Infusion              Chrm           ####         1%          1    ##.....
b - Shroud of Golubria    Chrm/Tloc      ###...       1%          2    ###....

Your spell library contained the following spells:

 Spells                   Type           Power        Failure   Level  Hunger
 Song of Slaying          Chrm           ####....     1%          2    ###....
 Regeneration             Chrm/Necr      ###.......   4%          3    ####...
 Spectral Weapon          Hex/Chrm       ###.....     4%          3    ####...


Dungeon Overview and Level Annotations

Branches:
Dungeon (2/15)

Altars:


Message History

You barely miss the worm.
The worm is almost dead.
The worm bites you but does no damage.
You hit the worm.
You kill the worm!
You see here a worm corpse.
You butcher the worm corpse.
u - 2 chunks of flesh {@w0} You start resting.
Eating one of 2 chunks of flesh {@w0}.
You eat one of the 2 chunks of flesh {@w0}.
This raw flesh tastes terrible.
HP restored.
Found a stone staircase leading up.
d - 4 rations (gained 1)
Found two stone staircases leading down.
e - 41 stones (gained 14)
An orc comes into view. It is wielding a +0 club.
The orc shouts!
You hear a shout!
The orc moves out of view.
You now have 60 gold pieces (gained 8).
An orc is nearby!
An orc comes into view.
There is a stone staircase leading down here.
Casting: Shroud of Golubria (safe; 24% risk of failure)
Confirm with . or Enter, or press ? or * to list all spells.
Space distorts slightly along a thin shroud covering your body.
An orc wizard comes into view. It is wielding a +0 dagger.
You hit the orc.
The orc is moderately wounded.
The orc completely misses you.
You barely miss the orc.
The orc is moderately wounded.
The orc closely misses you.
You hit the orc.
The orc is almost dead.
You hit the orc but do no damage.
The orc is almost dead.
The orc barely misses you.
You hit the orc.
You kill the orc!
Your shroud begins to fray at the edges.
Your shroud bends the orc's attack away.
You hit the orc.
The orc is severely wounded.
The orc barely misses you.
You hit the orc.
You kill the orc!
No target in view!
No target in view!
You start resting.
An orc comes into view. It is wielding a +0 flail.
An orc wizard comes into view. It is wielding a +0 dagger.
Attack whom?
Press: ? - help, Dir - move target cursor, f - orc
Aim: an orc, wielding a +0 flail (hasn't noticed you)
You reach to attack!
You closely miss the orc.
The orc shouts!
The orc wizard shouts!
Attack whom?
Press: ? - help, Dir - move target cursor, f - orc wizard, p - orc
Aim: an orc wizard, wielding a +0 dagger and wearing a +0 robe You reach to attack!
You closely miss the orc wizard.
Your shroud unravels.
The orc wizard casts a spell at you. The puff of flame hits you!
The orc barely misses you.
Casting: Shroud of Golubria (safe; 24% risk of failure)
Confirm with . or Enter, or press ? or * to list all spells.
You miscast Shroud of Golubria.
You are very lightly contaminated with residual magic.
You feel uncomfortable. The orc closely misses you.
Casting: Shroud of Golubria (safe; 24% risk of failure)
Confirm with . or Enter, or press ? or * to list all spells.
You miscast Shroud of Golubria.
Your hands glow momentarily.
The orc wizard looks encouraged for a moment.
The orc misses you.
You hit the orc wizard.
The orc wizard is lightly wounded.
The orc wizard hits you but does no damage.
You hit the orc wizard.
The orc wizard is moderately wounded.
The orc hits you with a +0 flail. The orc wizard closely misses you.
You miss the orc wizard.
The orc wizard is moderately wounded.
The orc wizard closely misses you. The orc hits you with a +0 flail!
* * * LOW HITPOINT WARNING * * *
It was a potion of brilliance.
You feel clever all of a sudden.
The orc wizard hits you but does no damage.
The orc barely misses you.
It was a potion of might.
You feel very mighty all of a sudden.
The orc wizard hits you with a +0 dagger.
* * * LOW HITPOINT WARNING * * *
The orc hits you with a +0 flail.
* * * LOW HITPOINT WARNING * * *
You miss the orc wizard.
The orc wizard is moderately wounded.
The orc wizard gestures at you while chanting.
The puff of flame hits you.
You die...

## #. #.## #...
#..# ## ##
#.o####oo ..
#.@#... #.##
#.o#.## ...
#.>.>.## ...##
#......### ###..
#...)..... .....
#......### #.#.
#.....## ###.#.
#.....# #.....
#.....#........###.


You could see an orc wizard and an orc.

Vanquished Creatures
  An adder (D:2)
  2 worms (D:2)
  A dart slug (D:2)
  2 orcs (D:2)
  4 bats
  3 goblins
  6 hobgoblins
  3 jackals (D:1)
  A ball python (D:2)
  5 kobolds
  7 rats
35 creatures vanquished.

Vanquished Creatures (others)
  A hobgoblin (D:1)
1 creature vanquished.

Grand Total: 36 creatures vanquished

Notes
Turn   | Place    | Note
-------+----------+-------------------------------------------
     0 | D:1      | sankara the Hill Orc Skald began the quest for the Orb.
     0 | D:1      | Reached XP level 1. HP: 18/18 MP: 3/3
   146 | D:1      | Reached XP level 2. HP: 23/25 MP: 4/4
   174 | D:1      | Learned a level 2 spell: Shroud of Golubria
   353 | D:1      | Reached skill level 3 in Polearms
   360 | D:1      | Reached skill level 3 in Charms
  1025 | D:1      | HP: 5/25 [something (20)]
  1320 | D:2      | Reached XP level 3. HP: 30/30 MP: 5/5
  1633 | D:2      | HP: 7/30 [poisoned by an adder]
  1640 | D:2      | HP: 5/30 [poisoned by an adder]
  1647 | D:2      | HP: 4/30 [poisoned by an adder]
  1655 | D:2      | HP: 3/30 [poisoned by an adder]
  2198 | D:2      | HP: 7/30 [orc/+0 flail (10)]
  2200 | D:2      | HP: 1/30 [orc/+0 flail (5)]
  2201 | D:2      | Killed from afar by an orc wizard

Levels and vault maps discovered:
D:1:      wander_arrival_estate, layout_loops_ring, lemuel_flame_loot_1
D:2:      layout_loops_ring

Skill      XL: |  1  2 |
---------------+-------+-----
Polearms       | 3 |  3.9
Charms         | 3 |  3.2
Fighting       | |  2.4
Armour         | |  1.1
Dodging        | |  1.5
Spellcasting   | |  1.5

Action                   || total
-------------------------++-------
Melee: Spear             ||   200
 Cast: Shroud of Golubri ||     8
  Use: Potion            ||     2
  Eat: Chunk             ||     5
Armor: Leather armour    ||    41
Dodge: Dodged            ||   104

Table legend:
 A = Non-vault XP
 B = Vault XP
 C = Vault XP percentage of total XP
 D = Non-vault monster count
 E = Vault monster count
 F = Vault count percentage of total count
                 A         B        C        D         E       F
            +---------+---------+-------+---------+---------+-------
      Total |      77 |       0 |   0.0 |      35 |       0 |   0.0
            +---------+---------+-------+---------+---------+-------
        D:1 |      31 |       0 |   0.0 |      20 |       0 |   0.0
        D:2 |      46 |       0 |   0.0 |      15 |       0 |   0.0
            +---------+---------+-------+---------+---------+-------

Levels and vault maps discovered:
D:1:      wander_arrival_estate, layout_loops_ring, lemuel_flame_loot_1
D:2:      layout_loops_ring

Table legend:
 A = Turns spent in this place as a percentage of turns spent in the entire game.
 B = Non-inter-level travel turns spent in this place as a percentage of non-inter-level travel turns spent in the entire game.
 C = Inter-level travel turns spent in this place as a percentage of turns spent in this place.
 D = Turns resting spent in this place as a percentage of non-inter-level travel turns spent in this place.
 E = Turns spent auto-exploring this place as a percentage of non-inter-level travel turns spent in this place.
 F = Non-inter-level travel turns spent in this place divided by the number of levels of this place that you've seen.
                   A       B       C       D       E      F
               +-------+-------+-------+-------+-------+----------------------
         Total | 100.0 | 100.0 |   2.9 |  41.8 |  40.5 | 1069.0
       Dungeon | 100.0 | 100.0 |   2.9 |  41.8 |  40.5 | 1069.0
               +-------+-------+-------+-------+-------+----------------------

Table legend:
 A = Kills in this place as a percentage of kills in entire the game.
 B = Kills by you in this place as a percentage of kills by you in the entire game.
 C = Kills by friends in this place as a percentage of kills by friends in the entire game.
 D = Other kills in this place as a percentage of other kills in the entire game.
 E = Experience gained in this place as a percentage of experience gained in the entire game.
 F = Experience gained in this place divided by the number of levels of this place that you have seen.
                   A       B       C       D       E      F
               +-------+-------+-------+-------+-------+----------------------
         Total | 100.0 | 100.0 |   N/A |   N/A | 100.0 |  38.5
       Dungeon | 100.0 | 100.0 |   N/A |   N/A | 100.0 |  38.5
               +-------+-------+-------+-------+-------+----------------------
